AoeStats
← whywhylai222

Arena

507485629Analyzed
3v3 RM · 15d ago on Sep 18, 2026· 46m 37s· 6 players
Game mode
Random Map
Map size
Normal (6 player)
Population
200
Speed
Normal
Resources
Standard
Victory
Conquest
Starting age
Dark Age
Ending age
Imperial Age
RankedLock teamsTeams togetherTeam positionsShared explorationLock speedFull tech treeHidden civsTurbo modeCheats
Victory
Defeat
🇭🇰 Bengalis · Hong Kong SAR China
1484
+17
🇭🇰 Japanese · Hong Kong SAR China
1457
+19
🇭🇰 Hindustanis · Hong Kong SAR China
1438
+19
🇦🇺 Turks · Australia
1550
-19
🇦🇺 Huns · Australia
1500
-18
🇦🇺 Khmer · Australia
1493
-18
Mr.Snake
9:57 Feudal Age
13:44 Castle Age
11:37 Double-Bit Axe
13:13 Gold Mining
15:13 Wheelbarrow
18:45 Scale Mail Armor
21:06 Bow Saw
22:00 Chain Mail Armor
21:56 Forging
23:36 Forging
26:56 Horse Collar
28:21 Iron Casting
28:26 Hand Cart
31:03 Husbandry
31:00 Stone Mining
31:25 Scale Barding Armor
32:43 Bloodlines
32:27 Loom
37:48 Imperial Age
38:43 Gold Shaft Mining
38:50 Conscription
37:53 Heavy Camel Rider
44:30 Two-Man Saw
45:08 Heavy Plow
46:32 Chemistry
47:13 Stone Shaft Mining
lunkan
10:41 Feudal Age
11:30 Loom
12:34 Double-Bit Axe
15:10 Castle Age
13:01 Horse Collar
13:56 Gold Mining
16:09 Bow Saw
16:46 Heavy Plow
18:53 Redemption
19:46 Sanctity
20:16 Fervor
25:52 Squires
29:57 Wheelbarrow
29:52 Redemption
29:29 Pikeman
30:12 Scale Mail Armor
34:14 Imperial Age
31:59 Forging
33:02 Chain Mail Armor
33:36 Stone Mining
36:07 Iron Casting
34:58 Halberdier
36:11 Arson
38:14 Blast Furnace
37:38 Block Printing
38:07 Conscription
39:32 Siege Elephant
42:06 Paiks
42:22 Mahayana
42:47 Fletching
42:58 Padded Archer Armor
43:20 Hand Cart
42:51 Town Watch
45:23 Crop Rotation
45:06 Elite Elephant Archer
46:18 Ballistics
whywhylai222
11:18 Feudal Age
10:41 Loom
12:15 Double-Bit Axe
12:39 Loom
15:09 Castle Age
13:09 Horse Collar
16:30 Bow Saw
16:30 Scale Mail Armor
21:38 Forging
23:31 Wheelbarrow
26:44 Chain Mail Armor
27:13 Squires
27:52 Iron Casting
27:41 Pikeman
38:33 Crossbowman
42:42 Imperial Age
42:27 Thumb Ring
43:03 Hand Cart
44:01 Ballistics
45:05 Fletching
45:15 Padded Archer Armor
44:45 Arbalester
46:32 Bodkin Arrow
46:53 Leather Archer Armor
Catskin
12:23 Feudal Age
13:53 Double-Bit Axe
13:50 Horse Collar
16:45 Castle Age
21:00 Imperial Age
18:46 Gold Mining
19:20 Bow Saw
26:56 Loom
35:02 Fletching
36:43 Two-Man Saw
35:46 Heavy Plow
36:24 Wheelbarrow
37:55 Ballistics
45:31 Murder Holes
Grillipop
10:34 Feudal Age
10:39 Feudal Age
12:31 Loom
14:56 Castle Age
12:44 Double-Bit Axe
12:40 Horse Collar
16:17 Scale Barding Armor
17:10 Bow Saw
18:06 Heavy Plow
19:00 Bloodlines
19:34 Husbandry
20:53 Chain Barding Armor
23:00 Light Cavalry
32:29 Imperial Age
30:26 Gold Mining
31:24 Loom
31:29 Town Watch
32:40 Hussar
34:32 Plate Barding Armor
38:35 Forging
39:28 Wheelbarrow
doggenoside12
11:04 Feudal Age
14:36 Castle Age
12:37 Double-Bit Axe
12:37 Horse Collar
15:26 Bow Saw
16:25 Loom
23:47 Scale Barding Armor
Connection lost

Rejoining the realm…

Still unreachable

The connection could not be restored.

Session expired

The server has moved on; the page needs a fresh start.